 Dungeon Crawl Stone Soup version bcrawl-1.37.2 (webtiles) character file.

Game seed: 1404959884868018863

120723 Mrkan the Sneak (level 3, 0/31 HPs)
             Began as a Gnoll Wanderer on Jan 4, 2023.
             Slain by a sky beast (1 damage)
             ... on level 2 of the Dungeon.
             The game lasted 00:04:39 (1275 turns).

Mrkan the Sneak (Gnoll Wanderer)                    Turns: 1275, Time: 00:04:40

Health: 0/31       AC:  2    Str: 13    XL:     3   Next: 68%
Magic:  7/7        EV: 11    Int: 17    God:
Gold:   69         SH:  0    Dex: 13    Spells: 4/7 levels left

rFire    . . .     GDR:     29% a - +2 mace
rCold    . . .     SeeInvis .   (no shield)
rNeg     . . .     Gourm    .   d - +0 robe
rPois    .         Faith    .   (no helmet)
rElec    .         Spirit   .   (no cloak)
rCorr    .         Reflect  .   (no gloves)
MR       .....                  (no boots)
Stlth    +++.......             (no amulet)
HPRegen  0.15/turn              (no ring)
MPRegen  0.10/turn              (no ring)

@: no status effects
A: distributed training, fangs 1, strong nose
a: no special abilities


You were on level 2 of the Dungeon.
You were not hungry.

You visited 1 branch of the dungeon, and saw 2 of its levels.

You collected 69 gold pieces.

Inventory:

Hand Weapons
 a - a +2 mace (weapon)
 f - a +0 dagger
Armour
 d - a +0 robe (worn)
 g - a scarf of spirit shield
 k - a scarf of clouds
Scrolls
 c - 2 scrolls of teleportation {unknown}
 i - a scroll of identify
Potions
 b - 5 potions of curing
 j - a potion of flight {unknown}
Comestibles
 e - 5 rations {!d}


   Skills:
 + Level 4.5 Fighting
 + Level 0.9 Short Blades
 + Level 0.9 Long Blades
 + Level 0.9 Axes
 + Level 2.6 Maces & Flails
 + Level 0.9 Polearms
 + Level 0.9 Staves
 + Level 0.9 Slings
 + Level 0.9 Bows
 + Level 0.9 Crossbows
 + Level 0.9 Throwing
 + Level 4.5 Armour
 + Level 0.9 Dodging
 + Level 4.5 Stealth
 + Level 0.9 Shields
 + Level 0.9 Unarmed Combat
 + Level 2.8 Spellcasting
 + Level 0.6 Conjurations
 + Level 0.6 Hexes
 + Level 0.6 Charms
 + Level 0.6 Summonings
 + Level 0.6 Necromancy
 + Level 0.6 Translocations
 + Level 0.6 Transmutations
 + Level 0.6 Fire Magic
 + Level 0.6 Ice Magic
 + Level 3.8 Air Magic
 + Level 0.6 Earth Magic
 + Level 0.6 Poison Magic
 + Level 1.0 Invocations
 + Level 0.9 Evocations


You had 4 spell levels left.
You knew the following spells:

 Your Spells              Type           Power        Failure   Level  Hunger
a - Static Discharge      Air            ###...       3%          1    None
b - Shock                 Conj/Air       #......      11%         2    #......

Your spell library contained the following spells:

 Spells                   Type           Power        Failure   Level  Hunger
 Swiftness                Chrm/Air       #.......     11%         2    #......
 Mephitic Cloud           Conj/Pois/Air  #.......     26%         3    ####...
 Lightning Bolt           Conj/Air       #.......     56%         4    #####..


Dungeon Overview and Level Annotations

Branches:
Dungeon (2/12)

Altars:
Fedhas
Nemelex Xobeh

Annotations:
D:2 Sigmund


Innate Abilities, Weirdness & Mutations

Your experience applies equally to all skills.
You have very sharp teeth.
Your uncanny sense of smell can sniff out nearby items.


Message History

You hit the sky beast but do no damage.
The sky beast hits you but does no damage.
You barely miss the sky beast.
The sky beast hits you but does no damage.
You hit the sky beast.
The sky beast is lightly wounded.
The sky beast closely misses you. x2
You hit the sky beast.
The sky beast is moderately wounded.
The sky beast hits you.
* * * LOW HITPOINT WARNING * * *
The sky beast shocks you.
* * * LOW HITPOINT WARNING * * *
You thump the sky beast!
The sky beast is severely wounded.
The sky beast closely misses you.
You sock the sky beast!
The sky beast is almost dead.
The sky beast hits you.
You die...

...............# .
........########
#.#..#### ∆ #.##.#
#....#####
####.....### .
#..))...## .#
##.......####+##
.####........##.@.#
.#..........####Y##
...###....### #.#
.. #...#...####.#
.####.#.###......#
.##...#.# ###.####
........#
###{######## #
.###.####
#.....<....###..#
.....#
#................


You could see a sky beast.

Vanquished Creatures
  A dart slug (D:2)
  2 leopard geckos
  An orc (D:2)
  5 bats
  A giant cockroach (D:1)
  6 goblins
  2 hobgoblins
  3 jackals (D:1)
  A quokka (D:2)
  A frilled lizard (D:1)
  8 kobolds
  7 rats
38 creatures vanquished.

Notes
Turn   | Place    | Note
-------+----------+-------------------------------------------
     0 | D:1      | Mrkan the Gnoll Wanderer began the quest for the Orb.
     0 | D:1      | Mrkan set off with the following items: a +2 mace, a potion
                  | of curing, a +0 robe, a ration {!d}, a +0 dagger; and the
                  | following spell memorised: Static Discharge; and the
                  | following spells available to memorise: Shock, Swiftness,
                  | Mephitic Cloud, Lightning Bolt
     0 | D:1      | Reached XP level 1. HP: 20/20 MP: 4/4
   172 | D:1      | Reached XP level 2. HP: 19/26 MP: 5/5
   355 | D:1      | Reached XP level 3. HP: 20/31 MP: 7/7
   406 | D:1      | Found a sparkling altar of Nemelex Xobeh.
   780 | D:2      | Noticed a sky beast
  1045 | D:2      | Reached skill level 1 in Invocations
  1201 | D:2      | Found a blossoming altar of Fedhas.
  1211 | D:2      | Learned a level 2 spell: Shock
  1233 | D:2      | Noticed Sigmund
  1273 | D:2      | HP: 1/31 [sky beast (6)]
  1275 | D:2      | Slain by a sky beast

Skill      XL: |  1  2  3 |
---------------+----------+-----
Invocations    | 1 |  1.0
Fighting       | |  4.5
Short Blades   | |  0.9
Long Blades    | |  0.9
Axes           | |  0.9
Maces & Flails | |  2.6
Polearms       | |  0.9
Staves         | |  0.9
Slings         | |  0.9
Bows           | |  0.9
Crossbows      | |  0.9
Throwing       | |  0.9
Armour         | |  4.5
Dodging        | |  0.9
Stealth        | |  4.5
Shields        | |  0.9
Unarmed Combat | |  0.9
Spellcasting   | |  2.8
Conjurations   | |  0.6
Hexes          | |  0.6
Charms         | |  0.6
Summonings     | |  0.6
Necromancy     | |  0.6
Translocations | |  0.6
Transmutations | |  0.6
Fire Magic     | |  0.6
Ice Magic      | |  0.6
Air Magic      | |  3.8
Earth Magic    | |  0.6
Poison Magic   | |  0.6
Evocations     | |  0.9

Action                   || total
-------------------------++-------
Melee: Mace              ||    99
       Bite              ||     7
 Stab: Sleeping          ||     1
  Eat: Chunk             ||     4
Armor: Robe              ||    23
Dodge: Dodged            ||    72
